 Dungeon Crawl Stone Soup version 0.27-a0-1280-g9d2d252d84 (webtiles) character file.

Game seed: 9985807922477002091

3260 Wyvric the Zephyrmancer (level 10, -9/60 HPs)
             Began as a Tengu Transmuter on June 13, 2021.
             Was an Initiate of Gozag.
             Killed from afar by a human (21 damage)
             ... with an iceblast
             ... on level 8 of the Dungeon.
             The game lasted 01:05:36 (14680 turns).

Wyvric the Zephyrmancer (Tengu Transmuter)         Turns: 14680, Time: 01:05:36

Health: -9/60      AC:  7    Str: 12    XL:     10   Next: 0%
Magic:  7/14       EV: 18    Int: 15    God:    Gozag
Gold:   926        SH:  0    Dex: 21    Spells: 2/13 levels left

rFire    . . .     SeeInvis .     - Unarmed
rCold    . . .     Faith    .   (no shield)
rNeg     . . .     Spirit   .   x - +0 leather armour {rPois}
rPois    +         Reflect  .   (helmet restricted)
rElec    .         Harm     .   B - scarf {+Inv}
rCorr    .         Rampage  .   (no gloves)
Will     .....                  (boots unavailable)
Stlth    ++........             A - amulet of the acrobat
HPRegen  0.20/turn              h - +4 ring of protection
MPRegen  0.14/turn              m - +6 ring of dexterity

@: flying quickly and evasively, quick
A: beak, talons 3, nimble flight
a: Renounce Religion, Evoke Invisibility, Potion Petition, Call Merchant, Bribe
Branch


You were on level 8 of the Dungeon.
You worshipped Gozag.
Gozag was pleased with you.
You visited 2 branches of the dungeon, and saw 9 of its levels.
You also visited: Sewer.

You collected 1163 gold pieces.
You spent 180 gold pieces at shops.
You paid 57 gold pieces to Gozag.

Inventory:

Hand Weapons
 c - a +5 whip
 g - a +1 trident of protection
 i - a +1 short sword of speed
 v - a +1 dagger of venom
Missiles
 f - 269 stones
 j - 39 sling bullets
 s - 2 throwing nets (quivered)
 w - 32 poisoned darts
 y - 2 boomerangs
Armour
 a - a +0 robe
 u - a +0 tower shield
 x - a +0 leather armour of poison resistance (worn)
 B - a scarf of invisibility (worn)
 C - a +1 scale mail of fire resistance
Magical Staves
 o - a staff of poison
Jewellery
 h - a +4 ring of protection (left hand)
 m - a +6 ring of dexterity (right hand)
 A - an amulet of the acrobat (around neck)
Scrolls
 b - 3 scrolls of noise
 l - 4 scrolls of magic mapping
 n - a scroll of immolation
 p - a scroll of amnesia
 q - a scroll of enchant weapon
 r - 6 scrolls of identify
 t - 3 scrolls of fog
Potions
 d - a potion of flight
 e - a potion of brilliance
 k - a potion of mutation {unknown}
 D - a potion of berserk rage {unknown}
 E - a potion of haste


   Skills:
 - Level 6.0 Fighting
 + Level 3.1 Armour
 * Level 5.6 Dodging
 - Level 6.0 Unarmed Combat
 - Level 2.0 Spellcasting
 - Level 1.0 Conjurations
 - Level 7.0 Summonings
 - Level 2.0 Transmutations
 - Level 10.0 Air Magic


You had 2 spell levels left.
You knew the following spells:

 Your Spells              Type           Power      Damage    Failure   Level
a - Beastly Appendage     Tmut           14%        N/A       12%         1
b - Summon Small Mammal   Summ           88%        N/A       1%          1
c - Call Imp              Summ           22%        N/A       2%          2
k - Blink                 Tloc           N/A        N/A       38%         2
l - Summon Lightning Spi  Summ/Air       27%        N/A       9%          4
z - Animate Skeleton      Necr           2%         N/A       28%         1

Your spell library contained the following spells:

 Spells                   Type           Power      Damage    Failure   Level
 Magic Dart               Conj           16%        1d3       19%         1
 Wereblood                Tmut           7%         N/A       19%         2
 Corona                   Hex            1%         N/A       28%         1
 Freeze                   Ice            4%         1d3       28%         1
 Pain                     Necr           4%         1d4       28%         1
 Ensorcelled Hibernation  Hex/Ice        2%         N/A       38%         2
 Slow                     Hex            1%         N/A       38%         2
 Call Canine Familiar     Summ           22%        N/A       4%          3
 Mephitic Cloud           Conj/Pois/Air  12%        N/A       19%         3
 Summon Guardian Golem    Hex/Summ       12%        N/A       21%         3
 Spider Form              Tmut/Pois      2%         N/A       50%         3
 Summon Ice Beast         Ice/Summ       12%        N/A       54%         4
 Conjure Flame            Conj/Fire      3%         6-21      56%         3
 Dazzling Flash           Conj/Hex       6%         N/A       56%         3
 Confusing Touch          Hex            1%         N/A       63%         3
 Gell's Gravitas          Tloc           0%         N/A       63%         3
 Tukima's Dance           Hex            1%         N/A       63%         3
 Vampiric Draining        Necr           0%         2d6       63%         3
 Ice Form                 Ice/Tmut       4%         N/A       88%         4
 Petrify                  Tmut/Erth      4%         N/A       88%         4
 Animate Dead             Necr           0%         N/A       95%         4
 Yara's Violent Unravell  Hex/Tmut       2%         3d3       99%         5
 Agony                    Necr           1%         N/A       100%        5
 Metabolic Englaciation   Hex/Ice        0%         N/A       100%        5


Dungeon Overview and Level Annotations

Branches:
Dungeon (8/15)             Temple (1/1) D:4           Sewer (visited)
   Lair: D:8-11

Altars:
Ashenzari
Cheibriados
Dithmenos
Elyvilon
Fedhas
Gozag
Hepliaklqana
Kikubaaqudgha
Makhleb
Nemelex Xobeh
Okawaru
Qazlal
Ru
Sif Muna
Trog
Uskayaw
Vehumet
Wu Jian
Xom
Yredelemnul
Zin
The Shining One

Shops:
D:4 ?

Annotations:
D:6 Maggie


Innate Abilities, Weirdness & Mutations

You have a beak for a mouth.
You have claws for feet.
Your magical nature lets you fly swiftly and evasively.


Message History

You hear a shout!
Your lightning spire shoots out a bolt of lightning at the human!
The bolt of electricity misses the human.
The human zaps a wand.
The mass of ice explodes!
The iceblast engulfs you!
* * * LOW HITPOINT WARNING * * *
Okay, then.
As you read the scroll of fog, it crumbles to dust.
The scroll dissolves into smoke.
As you read the scroll of summoning, it crumbles to dust.
Wisps of shadow whirl around you...
Okay, then.
Okay, then.
What are your orders? t - Shout!
Orders for allies: a - Attack new target. p - Attack previous target. r - Retreat! s - Stop attacking. g - Guard the area. f - Follow me.
Anything else - Cancel.
Gang up on whom?
Aim: a human, wielding a +0 mace, wearing a +0 animal skin and carrying a wand of iceblast (3) (grey smoke, lightly wounded, ally target) Attack!
The human hits your howler monkey with a +0 mace!
A beastly little devil appears in a puff of frigid air.
Your howler monkey hits the human!
The human closely misses your howler monkey.
Your orc barely misses the human.
What are your orders? t - Shout!
Orders for allies: a - Attack new target. p - Attack previous target. r - Retreat! s - Stop attacking. g - Guard the area. f - Follow me.
Anything else - Cancel.
Gang up on whom?
Aim: a human, wielding a +0 mace, wearing a +0 animal skin and carrying a wand of iceblast (3) (grey smoke, moderately wounded, ally target) Attack!
The human zaps a wand.
The mass of ice explodes!
The iceblast engulfs you!!
You die...
Your body crumbles into a pile of gold.

### #.###### ########
#.....#. $ ###@§o§..##
###..... #§5o§h§...# ##..##
#§§oop§...## ##..##
#.§.§§.....###..##
#.........8.#<.##
.#####.....#
#..(.($.......##
...........#
#.......p....##
...........###............#
..........................#


You could see a human (ally target), a friendly howler monkey (summoned), a
friendly orc wizard (summoned), a friendly white imp (summoned) and 3 friendly
orcs.

Vanquished Creatures
  A two-headed ogre (D:8)
  A wraith (D:6)
  2 humans (D:8)
  3 ice beasts (D:5)
  A sky beast (D:5)
  A necrophage (D:5)
  2 centaurs
  A kobold brigand (D:7)
  5 bullfrogs
  A wyvern zombie (D:8)
  6 killer bees
  A water moccasin skeleton (D:6)
  2 howler monkeys (D:7)
  3 centaur zombies
  A hound (D:4)
  A jelly (D:6)
  3 orc priests (D:4)
  A gnoll shaman (D:8)
  5 orc wizards
  3 hound skeletons
  A gnoll (D:8)
  2 howler monkey zombies
  12 adders
  A shadow imp (D:6)
  3 worms
  5 dart slugs
  25 orcs
  8 ball pythons
  16 endoplasms
  10 giant cockroaches
  5 goblins
  4 hobgoblins
  10 jackals
  5 kobolds
  14 quokkas
  9 bats
  11 frilled lizards
  7 rats
192 creatures vanquished.

Vanquished Creatures (collateral kills)
  A human (D:8)
  Duvessa (D:5)
  An ogre (D:3)
  2 centaurs
  A kobold brigand (D:7)
  A scorpion (D:6)
  A bullfrog (D:7)
  Dowan (D:5)
  A howler monkey (D:6)
  2 orc priests
  A jelly (D:5)
  2 orc wizards
  3 gnolls (D:8)
  An adder (Sewer)
  A white imp (D:5)
  6 orcs
  3 endoplasms (Sewer)
  2 giant cockroaches
  A quokka (Sewer)
  5 frilled lizards (Sewer)
  8 kobolds (D:7)
45 creatures vanquished.

Vanquished Creatures (others)
  A water moccasin (D:5)
  An orc wizard (D:4)
  A shadow imp (D:5)
  2 plants (D:4)
5 creatures vanquished.

Grand Total: 242 creatures vanquished

Notes
Turn   | Place    | Note
-------+----------+-------------------------------------------
     0 | D:1      | Wyvric the Tengu Transmuter began the quest for the Orb.
     0 | D:1      | Reached XP level 1. HP: 12/12 MP: 4/4
    34 | D:1      | Learned a level 1 spell: Animate Skeleton
   625 | D:1      | Reached XP level 2. HP: 16/16 MP: 4/6
   631 | D:1      | Learned a level 1 spell: Magic Dart
   935 | D:1      | Learned a level 2 spell: Blink
  1575 | D:1      | Found a faded altar of an unknown god.
  2047 | D:2      | Reached XP level 3. HP: 20/20 MP: 3/7
  2132 | D:1      | Reached skill level 1 in Conjurations
  3059 | D:2      | Reached XP level 4. HP: 20/25 MP: 6/8
  3593 | D:3      | Learned a level 1 spell: Summon Small Mammal
  3820 | D:3      | Found a glowing drain.
  3882 | Sewer    | Entered a sewer
  3899 | Sewer    | Reached skill level 1 in Summonings
  4195 | Sewer    | Gained mutation: Your magical nature lets you fly swiftly
                  | and evasively. [Tengu growth]
  4195 | Sewer    | Reached XP level 5. HP: 30/30 MP: 4/9
  4500 | Sewer    | Reached skill level 5 in Unarmed Combat
  4500 | Sewer    | Reached XP level 6. HP: 27/35 MP: 3/10
  4893 | D:3      | Learned a level 4 spell: Summon Lightning Spire
  5720 | D:4      | Reached skill level 1 in Air Magic
  5730 | D:4      | Reached skill level 2 in Air Magic
  5734 | D:4      | Reached XP level 7. HP: 35/40 MP: 9/11
  5874 | D:4      | Found a glowing golden altar of the Shining One.
  5874 | D:4      | Found a broken altar of Ashenzari.
  5876 | D:4      | Found a white marble altar of Elyvilon.
  5929 | D:4      | Reached skill level 3 in Air Magic
  6076 | D:4      | Found a staircase to the Ecumenical Temple.
  6081 | Temple   | Entered the Ecumenical Temple
  6100 | Temple   | Became a worshipper of Gozag Ym Sagoz the Greedy
  6187 | D:4      | Reached skill level 4 in Air Magic
  6287 | D:4      | Reached skill level 5 in Air Magic
  6300 | D:4      | Found Narchae's Magic Scroll Boutique.
  6304 | D:4      | Bought a scroll of teleportation for 30 gold pieces
  6304 | D:4      | Bought a scroll of fog for 20 gold pieces
  6304 | D:4      | Bought a scroll of teleportation for 30 gold pieces
  6304 | D:4      | Bought a scroll of identify for 20 gold pieces
  6304 | D:4      | Bought a scroll of identify for 20 gold pieces
  6304 | D:4      | Bought a scroll of identify for 20 gold pieces
  6304 | D:4      | Bought a scroll of identify for 20 gold pieces
  6304 | D:4      | Bought a scroll of identify for 20 gold pieces
  6801 | D:5      | Entered Level 5 of the Dungeon
  7035 | D:4      | Reached skill level 6 in Air Magic
  7094 | D:5      | Reached skill level 7 in Air Magic
  7100 | D:5      | Reached XP level 8. HP: 28/44 MP: 12/12
  7363 | D:4      | Reached skill level 8 in Air Magic
  7456 | D:5      | Found a stormy altar of Qazlal.
  7770 | D:5      | Noticed Duvessa
  7770 | D:5      | Noticed Dowan
  7965 | D:6      | Learned a level 2 spell: Call Imp
  8110 | D:6      | Noticed a wraith
  8278 | D:5      | Reached skill level 9 in Air Magic
  8504 | D:5      | Reached skill level 5 in Summonings
  9663 | D:4      | Found a glowing golden altar of the Shining One.
  9663 | D:4      | Found a broken altar of Ashenzari.
  9664 | D:4      | Found a white marble altar of Elyvilon.
  9763 | D:4      | Found a staircase to the Ecumenical Temple.
  9884 | D:4      | Found Narchae's Magic Scroll Boutique.
 11196 | D:6      | Killed a wraith
 11197 | D:6      | Reached XP level 9. HP: 37/48 MP: 1/13
 11377 | D:6      | Reached skill level 10 in Air Magic
 11441 | D:6      | Noticed Maggie
 12047 | D:5      | Killed Dowan
 12056 | D:5      | Killed Duvessa
 12529 | D:7      | Found a shimmering blue altar of Sif Muna.
 12617 | D:7      | Identified Sif Muna's Disquisition on Ice
 12986 | D:7      | Found a hazy altar of Hepliaklqana.
 13443 | D:7      | Reached skill level 5 in Fighting
 13461 | D:7      | Found an ornate altar of the Wu Jian Council.
 13463 | D:7      | Found a sparkling altar of Nemelex Xobeh.
 13463 | D:7      | Found an ancient bone altar of Kikubaaqudgha.
 13474 | D:7      | Found a snail-covered altar of Cheibriados.
 13477 | D:7      | Found a shadowy altar of Dithmenos.
 13709 | D:8      | Noticed a two-headed ogre
 13794 | D:8      | Killed a two-headed ogre
 13795 | D:8      | Reached skill level 1 in Armour
 14301 | D:8      | Reached skill level 5 in Dodging
 14643 | D:8      | Reached XP level 10. HP: 30/60 MP: 7/14
 14680 | D:8      | Killed from afar by a human

Illustrated notes

Levels and vault maps discovered:
D:1:      elethiomel_arrival_quiet, layout_basic,
          hellmonk_ecumenical_altar_crossroads
D:2:      layout_loops_cross
D:3:      layout_loops_ring, cheibrodos_sewer_entry_drain
D:4:      layout_loops_ring, gammafunk_temple_overflow_forgotten,
          temple_doors_cd, serial_shops, nicolae_shop_behind_doors
D:5:      layout_rooms, lemuel_coloured_pillars_altar, minmay_misc_feat_doors,
          st_stairs_11, lemuel_old_faithful, uniq_duvessa
D:6:      layout_basic, uniq_maggie
D:7:      layout_gridville, kennysheep_mini_moat,
          minmay_overflow_temple_star_hex, led_sif_book,
          chequers_serial_rivers_micro_a, minmay_holes, bh_walls_and_bars
D:8:      layout_cave_pods, kennysheep_small_spiral, dk_noncrumbling_3,
          minivault_21, minmay_ruffians
Temple:   minmay_freezing_vapour_temple

Skill      XL: |  1  2  3  4  5  6  7  8  9 |
---------------+----------------------------+-----
Conjurations   | 1 |  1.0
Dodging        | 3 5 |  5.6
Unarmed Combat | 4 5 6 |  6.0
Transmutations | 2 |  2.0
Summonings     | 2 4 7 |  7.0
Fighting       | 2 6 |  6.0
Air Magic      | 2 7 9 10 | 10.0
Armour         | 3 |  3.1
Spellcasting   | |  2.0

Action                   |  1- 3 |  4- 6 |  7- 9 | 10-12 || total
-------------------------+-------+-------+-------+-------++-------
Melee: Unarmed           |    70 |   163 |   247 |       ||   480
       Kick              |    15 |    42 |    88 |       ||   145
       Headbutt          |     9 |    12 |    46 |       ||    67
       Peck              |     5 |    11 |    53 |       ||    69
       Punch             |     1 |     2 |     8 |       ||    11
       Whip              |       |     2 |       |       ||     2
Throw: Boomerang         |       |    23 |    74 |       ||    97
       Stone             |       |    14 |     9 |       ||    23
       Dart              |       |       |     5 |     1 ||     6
 Cast: Beastly Appendage |    25 |    33 |    71 |       ||   129
       Magic Dart        |    60 |     4 |       |       ||    64
       Animate Skeleton  |     3 |    15 |     2 |       ||    20
       Summon Small Mamm |       |    20 |    10 |       ||    30
       Call Imp          |       |       |    65 |     1 ||    66
       Summon Lightning  |       |       |    26 |     1 ||    27
       Blink             |       |       |     1 |       ||     1
Evoke: Wand              |       |       |     3 |       ||     3
  Use: Scroll            |     1 |     4 |     8 |     2 ||    15
       Potion            |       |     1 |     2 |       ||     3
 Stab: Sleeping          |     1 |       |     1 |       ||     2
       Distracted        |       |     1 |     3 |       ||     4
Armor: Robe              |    10 |    40 |    32 |       ||    82
       Skin              |       |       |    50 |       ||    50
       Leather armour    |       |       |    11 |       ||    11
Dodge: Dodged            |    44 |   150 |   182 |       ||   376

Table legend: (Time is in decaauts)
 A = Elapsed time spent in this place.
 B = Non-inter-level travel time spent in this place.
 C = Inter-level travel time spent in this place.
 D = Time resting spent in this place.
 E = Time spent auto-exploring this place.
 F = Levels seen in this place.
 G = Mean time per level.
                   A        B        C        D        E       F      G
               +--------+--------+--------+--------+--------+-----+--------+
         Total |  14033 |  13290 |    743 |   2182 |   6384 |  10 | 1403.3 |
       Dungeon |  13048 |  12305 |    743 |   1898 |   6218 |   8 | 1631.0 |
        Temple |     22 |     22 |      0 |      0 |      9 |   1 |   22.0 |
         Sewer |    962 |    962 |      0 |    284 |    156 |   1 |  962.0 |
               +--------+--------+--------+--------+--------+-----+--------+

Top non-repeatable levels by time:
     D:4: 2245 daAuts
     D:1: 2208 daAuts
     D:3: 1981 daAuts
     D:6: 1606 daAuts
     D:5: 1508 daAuts
     D:2: 1270 daAuts
     D:7: 1191 daAuts
     D:8: 1035 daAuts
   Sewer: 962 daAuts
  Temple: 22 daAuts
